 Dungeon Crawl Stone Soup version 0.29-a0-359-g541a27f54d (webtiles) character file.

Game seed: 15641661326995570076

2497 purpskrrrp the Basher (level 9, -7/78 HPs)
             Began as a Minotaur Berserker on Apr 27, 2022.
             Was a Priest of Trog.
             Mangled by an orc warrior
             ... wielding a +5 long sword
              (19 damage)
             ... on level 7 of the Dungeon.
             The game lasted 00:44:41 (6091 turns).

purpskrrrp the Basher (Minotaur Berserker)          Turns: 6091, Time: 00:44:42

Health: -7/78      AC: 11    Str: 25    XL:     9   Next: 28%
Magic:  8/8        EV: 14    Int:  4    God:    Trog [***...]
Gold:   321        SH:  0    Dex: 19    Spells: 8/8 levels left

rFire   . . .      SeeInvis +   j - +12 mace of Gozag's Supremacy {elec, rC+ Will- Str+2 SInv}
rCold   + . .      Faith    .   (no shield)
rNeg    . . .      Spirit   .   u - +2 robe {Will+}
rPois   +          Reflect  .   (helmet restricted)
rElec   .          Harm     .   r - +2 cloak
rCorr   .          Rampage  .   o - +2 pair of gloves
Will    .....                   (no boots)
Stlth   ++........              f - amulet of magic regeneration
HPRegen 0.23/turn               d - +6 ring of dexterity
MPRegen 0.51/turn               G - ring of poison resistance

@: on berserk cooldown, slowed, very slow
A: horns 2, retaliatory headbutt
a: Renounce Religion, Berserk, Trog's Hand


You were on level 7 of the Dungeon.
You worshipped Trog.
Trog was most pleased with you.
You visited 2 branches of the dungeon, and saw 8 of its levels.

You collected 321 gold pieces.

Inventory:

Hand Weapons
 a - a +0 mace
 b - a +1 hand axe of freezing
 e - a +4 quarterstaff of venom
 h - a +0 hand axe of freezing
 j - the +12 mace of Gozag's Supremacy (weapon) {elec, rC+ Will- Str+2 SInv}
   (You found it on level 3 of the Dungeon)

   It occasionally discharges a powerful burst of electricity upon striking a
   foe.
   Str:       It affects your strength (+2).
   rC:        It protects you from cold.
   SInv:      It lets you see invisible.
   Will:      It decreases your willpower.
 z - a +0 vorpal scythe
 A - a +1 rapier of speed
 B - a +3 morningstar
 D - a +2 short sword of electrocution
Missiles
 k - 6 boomerangs
 l - 21 poisoned darts
 m - 4 curare-tipped darts (quivered)
 p - 5 javelins
Armour
 c - a +0 chain mail
 o - a +2 pair of gloves (worn)
 r - a +2 cloak (worn)
 u - a +2 robe of willpower (worn)
Magical Staves
 y - a staff of fire
Jewellery
 d - a +6 ring of dexterity (left hand)
 f - an amulet of magic regeneration (around neck)
 E - a ring of positive energy
 G - a ring of poison resistance (right hand)
 I - a ring of resist corrosion
Wands
 v - a wand of flame (27)
 C - a wand of acid (5)
Scrolls
 i - 2 scrolls of teleportation
 n - a scroll of fear
 q - 2 scrolls of identify
 F - a scroll of torment
Potions
 g - 4 potions of flight
 s - 2 potions of attraction
 t - 3 potions of curing
 w - 3 potions of brilliance
 x - a potion of might
 H - 2 potions of haste {unknown}


   Skills:
 + Level 6.9 Fighting
 + Level 0.8(6.8) Axes
 + Level 10.7 Maces & Flails
 + Level 2.9 Throwing
 + Level 7.9 Armour
 + Level 3.6 Dodging
 + Level 1.4 Stealth


You had 8 spell levels left.
You didn't know any spells.
Your spell library contained the following spells:

 Spells                   Type           Power      Damage    Failure   Level
 Beastly Appendage        Tmut           0%         N/A       50%         1
 Pain                     Necr           0%         1d4       50%         1
 Wereblood                Tmut           0%         N/A       65%         2
 Inner Flame              Hex/Fire       0%         N/A       86%         3
 Spider Form              Tmut/Pois      0%         N/A       86%         3
 Summon Guardian Golem    Hex/Summ       0%         N/A       86%         3
 Cause Fear               Hex            0%         N/A       99%         4
 Agony                    Necr           0%         N/A       100%        5
 Excruciating Wounds      Necr           0%         N/A       100%        5
 Orb of Destruction       Conj           0%         9d5       100%        7
 Spellforged Servitor     Conj/Summ      0%         N/A       100%        7
 Discord                  Hex            0%         N/A       100%        8


Dungeon Overview and Level Annotations

Branches:
Dungeon (7/15)             Temple (1/1) D:5

Altars:
Ashenzari
Cheibriados
Dithmenos
Elyvilon
Fedhas
Gozag
Hepliaklqana
Kikubaaqudgha
Makhleb
Nemelex Xobeh
Okawaru
Qazlal
Ru
Sif Muna
Trog
Uskayaw
Vehumet
Wu Jian
Xom
Yredelemnul
Zin
The Shining One


Innate Abilities, Weirdness & Mutations

You have a pair of horns on your head.
You reflexively headbutt those who attack you in melee.


Message History

Joseph is heavily wounded.
Joseph hits you with a +0 quarterstaff.
You sock Joseph!
Joseph is heavily wounded.
The orc hits you but does no damage. The orc closely misses you.
You furiously retaliate!
You headbutt the orc, but do no damage. Joseph hits you with a +0 quarterstaff.
You barely miss Joseph.
Joseph is heavily wounded.
You are no longer berserk.
You are exhausted.
You feel yourself slow down. The orc barely misses you. x2
You hit the orc. You headbutt the orc.
You kill the orc!
Trog accepts your kill. Joseph closely misses you. You furiously retaliate!
You headbutt Joseph! The orc closely misses you. You furiously retaliate!
You headbutt the orc!
You kill the orc!
Trog accepts your kill. The orc warrior misses you. You furiously retaliate!
You headbutt the orc warrior, but do no damage.
You barely miss Joseph. You headbutt Joseph.
Joseph is severely wounded.
Joseph hits you with a +0 quarterstaff!
The orc warrior hits you with a +5 long sword!
* * * LOW HITPOINT WARNING * * *
Joseph barely misses you.
You bludgeon Joseph!! Lightning courses through Joseph!
You kill Joseph!
Trog accepts your kill. The orc warrior completely misses you.
You furiously retaliate!
You headbutt the orc warrior, but do no damage.
The orc warrior hits you with a +5 long sword!
* * * LOW HITPOINT WARNING * * *
You feel better.
The orc warrior hits you with a +5 long sword.
* * * LOW HITPOINT WARNING * * *
You barely miss the orc warrior.
The orc warrior hits you with a +5 long sword!!
You die...

#..<..>......
#..#.........
###..........
######..##........
........#.†......#
.................#
................##
.............####
###...)@.....#
#.....))o.....#
..............#
..?.....#......#
#.#....#####..## #
#.... ### ....#
###.#


You could see an orc warrior.

Vanquished Creatures
  Joseph (D:7)
  Grinder (D:4)
  Sigmund (D:5)
  Eustachio (D:5)
  A water moccasin (D:6)
  A sky beast (D:6)
  An ice beast (D:6)
  2 ogres (D:5)
  2 centaurs
  A kobold brigand (D:6)
  2 necrophages
  2 bullfrogs
  A scorpion (D:4)
  3 wights (D:6)
  A howler monkey (D:5)
  4 hounds
  Crazy Yiuf (D:3)
  2 jellies
  An iguana (D:6)
  2 orc wizards
  7 gnolls
  7 adders
  A shadow imp (D:6)
  An ufetubus (D:4)
  A worm (D:3)
  3 dart slugs
  11 orcs
  6 endoplasms
  2 giant cockroaches
  5 goblins
  3 hobgoblins
  2 quokkas
  6 ball pythons
  A bat (D:2)
  7 frilled lizards
  10 kobolds
  5 rats
109 creatures vanquished.

Vanquished Creatures (others)
  2 plants (D:4)
2 creatures vanquished.

Grand Total: 111 creatures vanquished

Notes
Turn   | Place    | Note
-------+----------+-------------------------------------------
     0 | D:1      | purpskrrrp the Minotaur Berserker began the quest for the
                  | Orb.
     0 | D:1      | Reached XP level 1. HP: 19/19 MP: 0/0
   163 | D:1      | Reached skill level 4 in Maces & Flails
   163 | D:1      | Reached XP level 2. HP: 27/27 MP: 1/1
   733 | D:1      | You fall into a shaft and drop 1 floor!
  1082 | D:2      | Reached XP level 3. HP: 33/33 MP: 2/2
  1334 | D:2      | Reached ** piety under Trog
  1658 | D:3      | Found a sacrificial altar of Ru.
  1711 | D:3      | Found a faded altar of an unknown god.
  2492 | D:3      | Identified the +12 mace of Gozag's Supremacy {elec, rC+
                  | Will- Str+2 SInv}
  2501 | D:3      | Found a runed translucent door.
  2502 | D:3      | Noticed Crazy Yiuf
  2509 | D:3      | Killed Crazy Yiuf
  2510 | D:3      | Reached XP level 4. HP: 36/41 MP: 3/3
  2759 | D:4      | Found a bloodstained altar of Trog.
  2799 | D:4      | Reached skill level 5 in Maces & Flails
  2861 | D:4      | Reached XP level 5. HP: 35/47 MP: 4/4
  2978 | D:4      | Found a shimmering blue altar of Sif Muna.
  2978 | D:4      | Found a shimmering altar of Xom.
  3190 | D:4      | Reached skill level 6 in Maces & Flails
  3190 | D:4      | Reached XP level 6. HP: 45/55 MP: 5/5
  3636 | D:5      | Entered Level 5 of the Dungeon
  3643 | D:5      | Reached skill level 5 in Fighting
  3643 | D:5      | Reached skill level 7 in Maces & Flails
  3649 | D:5      | Noticed Eustachio
  3651 | D:5      | Noticed Sigmund
  3654 | D:5      | Noticed Grinder
  3676 | D:4      | Reached XP level 7. HP: 23/61 MP: 6/6
  3879 | D:5      | Reached skill level 5 in Armour
  3888 | D:5      | Paralysed by Grinder for 6 turns
  3906 | D:4      | Paralysed by Grinder for 2 turns
  3921 | D:4      | Killed Grinder
  3922 | D:4      | Reached skill level 8 in Maces & Flails
  4035 | D:5      | Killed Eustachio
  4036 | D:5      | Reached skill level 1 in Throwing
  4039 | D:5      | Killed Sigmund
  4040 | D:5      | Reached XP level 8. HP: 70/70 MP: 7/7
  4056 | D:5      | Reached skill level 9 in Maces & Flails
  4066 | D:5      | Found a hide-covered altar of Uskayaw.
  4206 | D:5      | Found a staircase to the Ecumenical Temple.
  4276 | D:5      | Reached *** piety under Trog
  4607 | Temple   | Entered the Ecumenical Temple
  5258 | D:6      | Reached skill level 10 in Maces & Flails
  5387 | D:6      | Found a glowing silver altar of Zin.
  5573 | D:6      | Reached skill level 1 in Stealth
  5573 | D:6      | Reached XP level 9. HP: 78/78 MP: 8/8
  6071 | D:7      | Noticed Joseph
  6089 | D:7      | Killed Joseph
  6091 | D:7      | Mangled by an orc warrior

Illustrated notes

Levels and vault maps discovered:
D:1:      elethiomel_arrival_quiet, layout_basic
D:2:      layout_basic
D:3:      minmay_door_path, layout_basic, mainiacjoe_overflow_boulevard,
          ebering_ecumenical_altar_sacrificial, uniq_crazy_yiuf_cottage
D:4:      layout_gridville, mainiacjoe_overflow_cross_hatched,
          jmf_multi_god_temple, hangedman_abyss_or_decor_stagger,
          chequers_serial_rivers_micro_c, serial_bayou_crossing
D:5:      layout_cave_pools, kennysheep_mini, minmay_temple_entry_junction_2,
          uniq_sigmund, uniq_eustachio, uniq_grinder
D:6:      layout_cave_pods, zin_academy
D:7:      nzn_winding_woodlands_stair_cross [nzn_winding_woodlands_5x15_garden,
          nzn_winding_woodlands_center_pierced_h,
          nzn_winding_woodlands_5x15_longhouse,
          nzn_winding_woodlands_5x5_default,
          nzn_winding_woodlands_5x5_perimeter,
          nzn_winding_woodlands_5x15_pathside_ponds,
          nzn_winding_woodlands_center_lodge, nzn_winding_woodlands_5x15_cabin],
          layout_cave_pools, hellmonk_ghost_happy_afterlife, enter_ossuary_2,
          kennysheep_nondescript, st_stairs_10, uniq_duvessa, uniq_joseph
Temple:   nicolae_temple_x_marks_the_god

Skill      XL: |  1  2  3  4  5  6  7  8 |
---------------+-------------------------+-----
Maces & Flails | 4 5 6 7 8 10 | 10.7
Fighting       | 4 5 6 |  6.9
Armour         | 3 4 6 7 |  7.9
Dodging        | 3 |  3.6
Throwing       | 1 2 |  2.9
Stealth        | 1 |  1.4
Axes           | |  0.8

Action                   |  1- 3 |  4- 6 |  7- 9 || total
-------------------------+-------+-------+-------++-------
Melee: Mace              |    67 |    39 |    81 ||   187
       Headbutt          |    11 |     6 |     9 ||    26
       Punch             |     1 |     1 |       ||     2
       Hand axe          |    10 |       |       ||    10
Throw: Javelin           |       |     4 |       ||     4
       Dart              |       |       |     7 ||     7
Invok: Berserk           |       |       |     3 ||     3
       Trog's Hand       |       |       |     2 ||     2
Evoke: Wand              |       |       |     1 ||     1
  Use: Scroll            |     9 |     2 |     6 ||    17
       Potion            |     5 |     2 |     1 ||     8
 Stab: Sleeping          |       |       |     1 ||     1
Armor: Chain mail        |    48 |    43 |    40 ||   131
       Skin              |     1 |       |       ||     1
       Robe              |       |       |    19 ||    19
Dodge: Dodged            |    30 |    16 |    71 ||   117

Table legend: (Time is in decaauts)
 A = Elapsed time spent in this place.
 B = Non-inter-level travel time spent in this place.
 C = Inter-level travel time spent in this place.
 D = Time resting spent in this place.
 E = Time spent auto-exploring this place.
 F = Levels seen in this place.
 G = Mean time per level.
                   A        B        C        D        E       F      G
               +--------+--------+--------+--------+--------+-----+--------+
         Total |   6135 |   4928 |   1207 |    785 |   3310 |   8 |  766.9 |
       Dungeon |   6033 |   4878 |   1155 |    785 |   3266 |   7 |  861.9 |
        Temple |    101 |     49 |     52 |      0 |     44 |   1 |  101.0 |
               +--------+--------+--------+--------+--------+-----+--------+

Top non-repeatable levels by time:
     D:6: 1340 daAuts
     D:3: 1309 daAuts
     D:4: 1249 daAuts
     D:1: 737 daAuts
     D:2: 725 daAuts
     D:5: 651 daAuts
  Temple: 101 daAuts
     D:7: 20 daAuts
